AoeStats
← Matigrame

Arena

510919807Analyzed
2v2 RM · 9h ago on Oct 3, 2026· 45m 41s· 4 players
Game mode
Random Map
Map size
Medium (4 player)
Population
200
Speed
Normal
Resources
Standard
Victory
Conquest
Starting age
Dark Age
Ending age
Imperial Age
RankedLock teamsTeams togetherTeam positionsShared explorationLock speedFull tech treeHidden civsTurbo modeCheats
Victory
Defeat
🇮🇳 Romans · India
751
+18
🇦🇷 Aztecs · Argentina
727
+18
🇨🇱 Khmer · Chile
787
-18
🇨🇱 Sicilians · Chile
786
-18
VCBlade
1:45 Loom
11:08 Feudal Age
12:34 Horse Collar
12:42 Double-Bit Axe
16:24 Castle Age
18:31 Bow Saw
21:11 Wheelbarrow
22:02 Heavy Plow
23:46 Gold Mining
24:42 Hand Cart
24:37 Town Watch
27:29 Scale Mail Armor
27:40 Forging
27:22 Fletching
29:15 Chain Mail Armor
29:42 Gold Shaft Mining
28:59 Stone Mining
30:06 Squires
29:41 Pikeman
31:53 Iron Casting
32:08 Ballistas
32:05 Town Patrol
33:19 Scale Barding Armor
33:15 Padded Archer Armor
33:10 Bodkin Arrow
37:33 Imperial Age
38:30 Chain Barding Armor
38:34 Ballistics
38:10 Murder Holes
38:55 Capped Ram
38:56 Heavy Scorpion
40:27 Halberdier
40:30 Siege Ram
42:35 Blast Furnace
43:15 Chemistry
42:27 Masonry
42:22 Siege Engineers
42:44 Conscription
44:03 Comitatenses
43:40 Man-at-Arms
goPales
10:35 Feudal Age
11:29 Loom
16:19 Castle Age
14:50 Double-Bit Axe
19:13 Stone Mining
19:16 Gold Mining
21:37 Eagle Warrior
34:23 Imperial Age
33:25 Bow Saw
40:44 Garland Wars
kinepablo1
12:05 Feudal Age
14:47 Castle Age
14:53 Double-Bit Axe
15:24 Horse Collar
29:40 Wheelbarrow
29:02 Gold Mining
31:00 Tusk Swords
31:54 Ballistics
31:44 Fortified Wall
31:30 Murder Holes
32:19 Hand Cart
36:27 Imperial Age
35:48 Heavy Plow
36:03 Bow Saw
38:30 Chemistry
37:02 Elite Ballista Elephant
38:30 Double Crossbow
38:54 Husbandry
39:05 Bloodlines
38:38 Light Cavalry
41:20 Elite Battle Elephant
43:23 Parthian Tactics
42:18 Heavy Cavalry Archer
44:23 Padded Archer Armor
44:13 Fletching
44:34 Forging
44:30 Scale Barding Armor
44:35 Murder Holes
Matigrame
11:56 Feudal Age
12:41 Town Watch
16:10 Castle Age
14:33 Fletching
14:32 Horse Collar
18:26 Double-Bit Axe
19:36 Loom
26:32 Bodkin Arrow
32:19 Murder Holes
32:35 Masonry
33:46 Wheelbarrow
35:44 Scale Mail Armor
35:37 Light Cavalry
39:55 Bloodlines
40:58 Heavy Plow
44:49 Hand Cart
45:15 Bow Saw
Connection lost

Rejoining the realm…

Still unreachable

The connection could not be restored.

Session expired

The server has moved on; the page needs a fresh start.